 Dungeon Crawl Stone Soup version 0.22-a0-605-g9281fa2 (webtiles) character file.

676 royokou the Cleaver (level 7, 0/58 HPs)
             Began as a Minotaur Fighter on July 8, 2018.
             Slain by an orc warrior
             ... wielding a +0 trident
              (18 damage)
             ... on level 4 of the Dungeon on July 9, 2018.
             The game lasted 00:07:48 (2989 turns).

royokou the Cleaver (Minotaur Fighter)              Turns: 2989, Time: 00:07:48

Health: 0/58       AC: 11    Str: 21    XL:     7   Next: 33%
Magic:  6/6        EV:  5    Int:  5    God:
Gold:   242        SH:  9    Dex: 11    Spells: 6/6 levels left

rFire    . . .     SeeInvis .   a - +0 war axe
rCold    . . .     Gourm    .   c - +0 shield
rNeg     . . .     Faith    .   z - +0 chain mail
rPois    .         Spirit   .   (helmet restricted)
rElec    .         Reflect  .   q - +0 cloak
rCorr    +         Harm     .   (no gloves)
MR       .....                  j - +0 pair of boots
Stlth    ..........             (no amulet)
HPRegen  0.19/turn              g - ring of resist corrosion
MPRegen  0.10/turn              (no ring)

@: no status effects
A: retaliatory headbutt, horns 2
a: no special abilities


You were on level 4 of the Dungeon.
You were not hungry.

You visited 1 branch of the dungeon, and saw 4 of its levels.

You collected 242 gold pieces.

Inventory:

Hand Weapons
 a - a +0 war axe (weapon)
 w - a +0 morningstar
Armour
 c - a +0 shield (worn)
 j - a +0 pair of boots (worn)
 q - a +0 cloak (worn)
 z - a +0 chain mail (worn)
Jewellery
 g - a ring of resist corrosion (left hand)
 y - an uncursed amulet of rage {unknown}
Wands
 t - a wand of paralysis (18)
Scrolls
 e - 3 scrolls of enchant armour {unknown}
 h - 5 scrolls of identify {unknown}
 m - 3 scrolls of teleportation {unknown}
 o - a scroll of noise {unknown}
 r - a scroll of random uselessness {unknown}
 u - a scroll of fog {unknown}
 x - a scroll of magic mapping {unknown}
Potions
 d - a potion of might
 i - a potion of degeneration {unknown}
 k - 2 potions of brilliance {unknown}
 l - a potion of agility {unknown}
 n - 2 potions of lignification {unknown}
 p - a potion of haste {unknown}
 s - a potion of heal wounds {unknown}
 v - 2 potions of curing {unknown}
Comestibles
 f - 10 rations


   Skills:
 - Level 3.8 Fighting
 + Level 9.7 Axes
 - Level 3.8 Armour
 - Level 3.8 Shields


You had 6 spell levels left.
You didn't know any spells.
Your spell library contained the following spells:

 Spells                   Type           Power        Failure   Level  Hunger
 Magic Dart               Conj           #...         100%        1    ##.....
 Conjure Flame            Conj/Fire      #.......     100%        3    ####...
 Slow                     Hex            #.......     100%        2    ###....
 Mephitic Cloud           Conj/Pois/Air  #.......     100%        3    ####...
 Blink                    Tloc           N/A          100%        2    ###....
 Call Imp                 Summ           #.......     100%        2    ###....


Dungeon Overview and Level Annotations

Branches:
Dungeon (4/15)
 Temple: D:4-7

Altars:
Okawaru
Trog
Wu Jian
Yredelemnul


Innate Abilities, Weirdness & Mutations

You reflexively headbutt those who attack you in melee.
You have a pair of horns on your head.


Message History

* * * LOW HITPOINT WARNING * * *
You closely miss the orc warrior.
The orc warrior is moderately wounded.
The orc warrior barely misses you.
You closely miss the orc warrior. You headbutt the orc warrior.
The orc warrior is heavily wounded.
The orc wizard mumbles some strange words.
The orc wizard blinks!
Your chain mail prevents you from hitting the orc warrior.
Your headbutt misses the orc warrior.
The orc warrior is heavily wounded.
You block the orc warrior's attack.
You hit the orc warrior but do no damage.
Your headbutt misses the orc warrior.
The orc warrior is heavily wounded.
You block the orc warrior's attack.
You hit the orc warrior.
The orc warrior is heavily wounded.
The orc warrior hits you with a trident!!
You die...

#..# #.# #.# #..#
#.# #.# #..#
#.###### #.#
...####.รท....#
#.#
#.........##.###.#
.................#
########.........#
.........###.#
####...### #@#
#...# #o# #...#


#oo #.### #### #. You could see an orc warrior, an orc wizard and an orc.

Vanquished Creatures
  Duvessa (D:4)
  Dowan (D:4)
  A vampire bat (D:3)
  A howler monkey (D:3)
  2 orc priests (D:3)
  3 orc wizards (D:3)
  Ijyb (D:4)
  An iguana (D:4)
  A gnoll (D:1)
  4 adders
  An ooze (D:1)
  4 worms
  4 dart slugs
  3 fire bats (D:3)
  7 leopard geckos
  3 orcs
  2 spectral bats (D:3)
  A ball python (D:3)
  3 bat skeletons (D:3)
  A bat zombie (D:3)
  3 giant cockroaches
  3 hobgoblins
  14 jackals
  13 kobolds
  A quokka (D:2)
  17 bats
  A bat simulacrum (D:3)
  6 frilled lizards
  11 goblins
  10 rats
124 creatures vanquished.

Notes
Turn   | Place    | Note
-------+----------+-------------------------------------------
     0 | D:1      | royokou the Minotaur Fighter began the quest for the Orb.
     0 | D:1      | Reached XP level 1. HP: 19/19 MP: 0/0
   175 | D:1      | Reached XP level 2. HP: 27/27 MP: 1/1
   208 | D:1      | Reached skill level 3 in Axes
   346 | D:1      | Reached XP level 3. HP: 28/33 MP: 2/2
   359 | D:1      | Reached skill level 4 in Axes
   836 | D:2      | Reached XP level 4. HP: 40/40 MP: 3/3
   865 | D:2      | Found a basalt altar of Yredelemnul.
   915 | D:2      | Reached skill level 5 in Axes
   975 | D:2      | Found a faded altar of an unknown god.
  1440 | D:3      | Reached skill level 6 in Axes
  1440 | D:3      | Reached XP level 5. HP: 45/46 MP: 4/4
  1641 | D:3      | Found an iron altar of Okawaru.
  1641 | D:3      | Found a bloodstained altar of Trog.
  1642 | D:3      | Found an ornate altar of the Wu Jian Council.
  1724 | D:3      | Reached skill level 7 in Axes
  1959 | D:3      | Reached XP level 6. HP: 52/52 MP: 5/5
  2013 | D:3      | Reached skill level 8 in Axes
  2184 | D:4      | Noticed Ijyb
  2191 | D:4      | Killed Ijyb
  2197 | D:4      | Noticed Dowan
  2202 | D:4      | Noticed Duvessa
  2878 | D:4      | Killed Duvessa
  2878 | D:4      | Reached skill level 9 in Axes
  2878 | D:4      | Reached XP level 7. HP: 58/58 MP: 6/6
  2898 | D:4      | Killed Dowan
  2989 | D:4      | Slain by an orc warrior

Vault maps used:
D:1:      dpeg_arrival_more_subterranean_lakeside_camping
D:2:      nicolae_overflow_crystal_walls, chequers_ecumenical_altar_simple
D:3:      gammafunk_temple_overflow_claw, first_ration, serial_park_tiny_1,
          goddamned_bats
D:4:      grunt_ashenzari_visionary, uniq_duvessa, uniq_ijyb, uniq_eustachio

Skill      XL: |  1  2  3  4  5  6 |
---------------+-------------------+-----
Axes           | 3 4 6 7 9 |  9.7
Fighting       | |  3.8
Armour         | |  3.8
Shields        | |  3.8

Action                   |  1- 3 |  4- 6 |  7- 9 || total
-------------------------+-------+-------+-------++-------
Melee: War axe           |   119 |   153 |    40 ||   312
       Headbutt          |    14 |    27 |     6 ||    47
       Unarmed           |       |     1 |       ||     1
  Eat: Chunk             |       |     5 |     2 ||     7
Armor: Scale mail        |    56 |   108 |       ||   164
       Chain mail        |       |     4 |    17 ||    21
       Skin              |       |     1 |       ||     1
Dodge: Dodged            |    44 |    60 |     8 ||   112
Block: Shield            |    51 |    93 |    20 ||   164

Table legend:
 A = Spawn XP
 B = Non-spawn XP
 C = Spawn XP percentage of total XP
 D = Spawn monster count
 E = Non-spawn monster count
 F = Spawn count percentage of total count
 G = Total turns spent on level
                    A         B        C        D         E        F      G
               +---------+---------+-------+---------+---------+-------+---------
         Total |       0 |     966 |   0.0 |       0 |     124 |   0.0 |  2989
               +---------+---------+-------+---------+---------+-------+---------
           D:1 |       0 |      68 |   0.0 |       0 |      30 |   0.0 |   670
           D:2 |       0 |      76 |   0.0 |       0 |      31 |   0.0 |   660
           D:3 |       0 |     499 |   0.0 |       0 |      53 |   0.0 |  1431
           D:4 |       0 |     323 |   0.0 |       0 |      10 |   0.0 |   228
               +---------+---------+-------+---------+---------+-------+---------
